 Dungeon Crawl Stone Soup version 0.27.1 (webtiles) character file.

Game seed: 6956872674984907034

17 ABBCCCDDDD the Skirmisher (level 2, 0/21 HPs)
             Began as an Octopode Chaos Knight on Sept 1, 2021.
             Was a Plaything of Xom.
             Slain by a goblin (2 damage)
             ... led by Robin
             ... on level 2 of the Dungeon.
             The game lasted 00:01:06 (1113 turns).

ABBCCCDDDD the Skirmisher (Octopode Chaos Knight)   Turns: 1113, Time: 00:01:06

Health: 0/21       AC:  1    Str: 11    XL:     2   Next: 62%
Magic:  2/2        EV: 13    Int: 14    God:    Xom [....*.]
Gold:   52         SH:  0    Dex: 11    Spells: 1/1 levels left

rFire    . . .     SeeInvis .   c - +2 short sword (venom)
rCold    . . .     Faith    .   (no shield)
rNeg     . . .     Spirit   .   (helmet restricted)
rPois    .         Reflect  .   (no amulet)
rElec    .         Harm     .   (no ring)
rCorr    .         Rampage  .   (no ring)
Will     .....                  (no ring)
Stlth    ++........             (no ring)
HPRegen  0.07/turn              (no ring)
MPRegen  0.08/turn              (no ring)
                                (no ring)
                                (no ring)

@: weak-willed
A: almost no armour, amphibious, 8 rings, camouflage 1, gelatinous body 1,
(nimble swimmer 1), tentacles
a: Renounce Religion


You were on level 2 of the Dungeon.
You worshipped Xom.
You were a beloved toy of Xom.
You visited 1 branch of the dungeon, and saw 2 of its levels.

You collected 52 gold pieces.

Inventory:

Hand Weapons
 c - a +2 short sword of venom (weapon)


   Skills:
 + Level 3.4 Fighting
 + Level 1.1 Short Blades
 - Level 2.4 Dodging
 - Level 3.1 Unarmed Combat


You had one spell level left.
You didn't know any spells.
Your spell library contained the following spells:

 Spells                   Type           Power      Damage    Failure   Level
 Corpse Rot               Necr/Air       N/A        N/A       41%         2
 Dispel Undead            Necr           0%         3d6       96%         4
 Death Channel            Necr           0%         N/A       100%        6


Dungeon Overview and Level Annotations

Branches:
Dungeon (2/15)

Altars:

Annotations:
D:2 Robin


Innate Abilities, Weirdness & Mutations

You cannot wear most types of armour.
You are amphibious.
You can wear up to eight rings at the same time.
Your skin changes colour to match your surroundings (Stealth+).
Your rubbery body absorbs attacks. (AC +1, EV +1)
((You are camouflaged near water. (Stealth+)))
You have tentacles for arms and can constrict up to eight enemies at once.


Message History

The bat barely misses you.
You hit the bat.
The bat is poisoned.
Your grab misses the bat.
The bat is severely wounded.
You kill the bat!
You see here a bat corpse. "Let's go for a ride!"
Your surroundings suddenly seem different.
A rat, 10 goblins, 2 hobgoblins and Robin come into view.
A goblin is wielding a +2 dagger of speed.
Found a sapphire potion and 18 gold pieces.
As you read the scroll labelled VUHEAMP JOLEE, it crumbles to dust.
The scroll dissolves into smoke.
It was a scroll of fog.
The goblin shouts! x10; You hear a shout!
A goblin comes into view. It is wielding a +0 dagger.
The goblin closely misses you. The goblin hits you with a +0 dagger.
The goblin closely misses you.
The hobgoblin shouts!
As you read the scroll labelled CUGAT GAEGELO, it crumbles to dust.
Magic quickly surges around you.
It was a scroll of vulnerability.
The goblin hits you with a +0 dagger. x2
Robin roars a battlecry!
The goblins go into a battle-frenzy!
The goblin barely misses you. The goblin closely misses you.
As you read the scroll labelled ESUNOU NEPLU, it crumbles to dust.
It is a scroll of identify.
b - a potion of curing The goblin hits you with a +0 dagger. x2; The goblin barely misses you. x2
The goblin hits you with a +0 club.
* * * LOW HITPOINT WARNING * * *
You feel better. The goblin hits you with a +0 dagger.
* * * LOW HITPOINT WARNING * * *
The goblin misses you. The goblin hits you but does no damage.
The goblin hits you with a +0 club.
* * * LOW HITPOINT WARNING * * *
The goblin barely misses you.
You hit the goblin.
You kill the goblin!
The goblin hits you with a +0 dagger.
You die...
Xom bursts into laughter!

#..........
.........#
##........#
#....§....#
##....§....#
....§rgg§§.#
...§§gggg§.#
....ggg@§§.#
...ggg######
..... ....
!.. $. .


You could see Robin (weak-willed), 2 hobgoblins, 9 goblins and a rat
(weak-willed).

Levels and vault maps discovered:
D:1:      minmay_arrival_wavy_path, layout_loops_corners
D:2:      layout_basic, minivault_26, uniq_robin

Notes
Turn   | Place    | Note
-------+----------+-------------------------------------------
     0 | D:1      | ABBCCCDDDD the Octopode Chaos Knight began the quest for
                  | the Orb.
     0 | D:1      | Reached XP level 1. HP: 16/16 MP: 1/1
   185 | D:1      | XOM: divination: detect items
   219 | D:1      | XOM: divination: detect creatures
   568 | D:1      | XOM: 2-stop teleportation journey
   617 | D:1      | Reached XP level 2. HP: 21/21 MP: 2/2
   621 | D:1      | XOM: cloud trail
   944 | D:1      | XOM: divination: magic mapping
   952 | D:1      | Reached skill level 1 in Short Blades
  1108 | D:2      | Noticed Robin
  1108 | D:2      | XOM: 1-stop teleportation journey
  1113 | D:2      | Slain by a goblin

Table legend: (Time is in decaauts)
 A = Elapsed time spent in this place.
 B = Non-inter-level travel time spent in this place.
 C = Inter-level travel time spent in this place.
 D = Time resting spent in this place.
 E = Time spent auto-exploring this place.
 F = Levels seen in this place.
 G = Mean time per level.
                   A        B        C        D        E       F      G
               +--------+--------+--------+--------+--------+-----+--------+
         Total |   1113 |   1075 |     38 |     96 |    872 |   2 |  556.5 |
       Dungeon |   1113 |   1075 |     38 |     96 |    872 |   2 |  556.5 |
               +--------+--------+--------+--------+--------+-----+--------+

Top non-repeatable levels by time:
     D:1: 1098 daAuts
     D:2: 14 daAuts

Table legend:
 A = Kills in this place as a percentage of kills in entire the game.
 B = Kills by you in this place as a percentage of kills by you in the entire game.
 C = Kills by friends in this place as a percentage of kills by friends in the entire game.
 D = Other kills in this place as a percentage of other kills in the entire game.
 E = Experience gained in this place as a percentage of experience gained in the entire game.
 F = Experience gained in this place divided by the number of levels of this place that you have seen.
                   A       B       C       D       E      F
               +-------+-------+-------+-------+-------+----------------------
         Total | 100.0 | 100.0 |   N/A |   N/A | 100.0 |  13.5
       Dungeon | 100.0 | 100.0 |   N/A |   N/A | 100.0 |  13.5
               +-------+-------+-------+-------+-------+----------------------

Action                   || total
-------------------------++-------
Melee: Short sword       ||    18
       Unarmed           ||     5
       Tentacles         ||     3
       Constrict         ||     5
  Use: Scroll            ||     3
       Potion            ||     1
 Stab: Sleeping          ||     7
Armor: Skin              ||     1
Dodge: Dodged            ||    21

Vanquished Creatures
  A dart slug (D:1)
  2 goblins
  2 hobgoblins (D:1)
  2 quokkas (D:1)
  2 ball pythons (D:1)
  2 bats
  A frilled lizard (D:1)
  2 kobolds (D:1)
  2 rats (D:1)
16 creatures vanquished.
